 Dungeon Crawl Stone Soup version 0.16-a0-3134-g9b1347a (webtiles) character file.

126 Grim the Vexing (level 4, 0/21 HPs)
             Began as a Spriggan Enchanter on Dec 14, 2014.
             Killed from afar by Natasha (7 damage)
             ... with a magic dart
             ... on level 3 of the Dungeon.
             The game lasted 00:12:45 (3513 turns).

Grim the Vexing (Spriggan Enchanter)                Turns: 3513, Time: 00:12:45

Health: 0/21       AC:  3    Str:  4    XL:     4   Next: 84%
Magic:  11/12      EV: 18    Int: 17    God:
Gold:   257        SH:  0    Dex: 16    Spells: 3 memorised, 2 levels left

rFire  + . .     SeeInvis +     a - +1 dagger
rCold  . . .     Clarity  .     b - +1 robe
rNeg   . . .     SustAb   .     (shield restricted)
rPois  .         Gourm    .     (helmet restricted)
rElec  .         Spirit   .     (no cloak)
rCorr  .         Warding  .     (gloves unavailable)
rMut   .         Stasis   .     (boots unavailable)
MR     .....                    (no amulet)
Stlth  +++.......               (no ring)
                                p - ring of protection from fire

@: very quick, not resistant to hostile enchantments, fairly stealthy
A: unfitting armour, see invisible, herbivore 3, speed 3, slow metabolism 2
a: no special abilities


You were on level 3 of the Dungeon.
You were full.

You visited 1 branch of the dungeon, and saw 4 of its levels.

You collected 257 gold pieces.

Inventory:

Hand weapons
 a - a +1 dagger (weapon)
Armour
 b - a +1 robe (worn)
Jewellery
 p - a ring of protection from fire (left hand)
Scrolls
 i - a scroll of immolation {unknown}
 j - a scroll of remove curse
 k - a scroll of enchant armour {unknown}
 l - a scroll of fear {unknown}
 n - a scroll of teleportation
Potions
 e - 2 potions of curing {unknown}
 f - a potion of haste {unknown}
 g - 2 potions of brilliance
 h - 2 potions of might
 m - 2 potions of heal wounds {unknown}
 o - a potion of resistance {unknown}
Books
 c - a book of Maledictions

   Spells                             Type                      Level
   a - Corona                         Hexes                        1
   b - Sure Blade                     Hexes/Charms                 2
   c - Ensorcelled Hibernation        Hexes/Ice                    2
   d - Confuse                        Hexes                        3
   e - Dazzling Spray                 Conjuration/Hexes            3
   f - Enslavement                    Hexes                        4
Comestibles
 d - 3 bread rations


   Skills:
 - Level 2.5 Short Blades
 - Level 3.0 Dodging
 - Level 4.4 Stealth
 - Level 2.6 Spellcasting
 + Level 5.5 Hexes
 * Level 1.4 Ice Magic


You had 2 spell levels left.
You knew the following spells:

 Your Spells              Type           Power        Failure   Level  Hunger
a - Corona                Hex            ###....      1%          1    #......
b - Confuse               Hex            ###.....     8%          3    ###....
c - Ensorcelled Hibernat  Hex/Ice        ##....       10%         2    ##.....


Dungeon Overview and Level Annotations

Branches:
Dungeon (4/15)
 Temple: D:4-7

Altars:
Gozag
Trog
Yredelemnul

Portals:
Sewer: D:4

Annotations:
D:3 Natasha


Innate Abilities, Weirdness & Mutations

You are tiny and cannot use many weapons and most armour.
You have supernaturally acute eyesight.
You are a herbivore.
You cover ground extremely quickly.
You need consume almost no food.


Message History

Casting: Ensorcelled Hibernation
Confirm with . or Enter, or press ? or * to list all spells.
Aiming: Ensorcelled Hibernation
Press: ? - help, Shift-Dir - straight line, f - Natasha
Aim: Natasha (hasn't noticed you) Natasha looks drowsy...
A quokka comes into view.
The quokka barely misses you.
Found a crooked brass wand.
The quokka twitches its whiskers.
Natasha hisses angrily.
Natasha casts a spell at you. The magic dart hits you!
* * * LOW HITPOINT WARNING * * *
Natasha claws you but does no damage.
You barely miss Natasha. You barely miss Natasha.
Natasha stares at you and mumbles some strange words.
The magic dart hits you!
You die...

#### . ... ... # #..
... .###. #.. ..
.....##.#######.#####
#..................#
#./..../....######.#
#....h@.r..........#
##.#........########
###.#........
#....####### #....#
#..... ......
#....... .....


You could see Natasha and a quokka.

Vanquished Creatures
  Natasha (D:3)
  5 adders
  A giant mite (D:2)
  2 worms (D:2)
  A giant gecko (D:1)
  6 bats
  2 giant cockroaches
  5 goblins
  5 hobgoblins
  5 kobolds
  A quokka (D:3)
  A ball python (D:1)
  6 giant newts
  5 rats
46 creatures vanquished.

Notes
Turn   | Place    | Note
--------------------------------------------------------------
     0 | D:1      | Grim, the Spriggan Enchanter, began the quest for the Orb.
     0 | D:1      | Reached XP level 1. HP: 9/9 MP: 4/4
   256 | D:1      | Reached XP level 2. HP: 10/13 MP: 5/7
   967 | D:2      | Found a basalt altar of Yredelemnul.
   970 | D:2      | Found a bloodstained altar of Trog.
  1092 | D:2      | Reached XP level 3. HP: 16/16 MP: 7/9
  1688 | D:2      | Reached skill level 5 in Hexes
  1793 | D:2      | Learned a level 3 spell: Confuse
  1900 | D:2      | Learned a level 2 spell: Ensorcelled Hibernation
  1918 | D:2      | Reached XP level 4. HP: 21/21 MP: 2/12
  2559 | D:3      | Found an opulent altar of Gozag.
  2668 | D:3      | Reached skill level 1 in Ice Magic
  2986 | D:3      | Noticed Natasha
  2999 | D:3      | Killed Natasha
  3216 | D:4      | Found a glowing drain.
  3331 | D:4      | Noticed an ogre
  3499 | D:3      | Noticed Natasha
  3513 | D:3      | Killed from afar by Natasha

Action                   |  1- 3 |  4- 6 || total
-------------------------+-------+-------++-------
Melee: Dagger            |   102 |    45 ||   147
       Unarmed           |       |     1 ||     1
 Cast: Corona            |    16 |       ||    16
       Confuse           |     3 |     2 ||     5
       Ensorcelled Hiber |     2 |     9 ||    11
  Use: Scroll            |     1 |     3 ||     4
 Stab: Sleeping          |     8 |     7 ||    15
       Confused          |     2 |     1 ||     3
  Eat: Bread ration      |       |     1 ||     1
